Cogmind - Beta 11 @@@ ROGUE MODE // 2022.03.27 @ 19:47:33 Player: Iceblade02 Result: Destroyed by G-47 Trooper with Particle Gun Performance ------------- Evolutions (2) 1000 Regions Visited (7) 1400 Robots Destroyed (38) 190 Value Destroyed (739) 739 Prototype IDs (26) 520 Alien Tech Used (0) 0 Bonus (311) 311 TOTAL SCORE: 4160 Bonus ------- High Alert Combat Kills 11 Aligned with FarCom 300 Cogmind --------- Core Integrity 0/550 Matter 68/300 Energy 99/100 System Corruption 0% Temperature Cool (32) Movement Core (50) Location -8/Materials Parts ------- > --- POWER (1) -------- (None) > --- PROPULSION (4) --- (None) > --- UTILITY (4) ------ (None) > --- WEAPON (2) ------- (None) > --- INVENTORY (5) ---- Signal Interpreter 0b10 Alert Chip Advanced ECM Suite Reaction Control System System Shield Peak State ------------ > --- POWER ------------ Light Nuclear Core > --- PROPULSION ------- Wheel Wheel Wheel Wheel > --- UTILITY ---------- Large Storage Unit Compact Battery Structural Scanner > --- WEAPON ----------- Heavy Missile Launcher Katana > --- INVENTORY -------- Light Angular Momentum Engine Flight Unit Small Storage Unit Medium Storage Unit Signal Interpreter 0b10 Alert Chip Advanced ECM Suite Reaction Control System Improved Utility Shielding Improved Light Armor Plating System Shield Shock Rifle Heavy Particle Cannon Improved Light Cannon [Rating: 22] Favorites ----------- Power Ion Engine Engine Ion Engine Power Core Light Nuclear Core Propulsion Compact Wheel Wheel Compact Wheel Flight Unit Flight Unit Utility Large Storage Unit Device Heat Sink Storage Large Storage Unit Protection Improved Utility Shielding Weapon Grenade Launcher Energy Gun Shock Rifle Ballistic Gun Light Assault Rifle Ballistic Cannon Improved Light Cannon Launcher Grenade Launcher Slashing Weapon Katana Build | -11 -10 -10 -9 -9 -9 -8 -8 ------- Run | Scr Mat Min Mat Min Exi Min Mat Slots Evolved 4 | . . . 2 . . . 2 Power . | . . . . . . . . Propulsion 2 | . . . 1 . . . 1 Utility 2 | . . . 1 . . . 1 Weapon . | . . . . . . . . Parts Attached 37 | 6 6 5 5 . . . 15 Power 6 | 1 1 1 1 . . . 2 Engine 5 | 1 1 1 1 . . . 1 Core 1 | . . . . . . . 1 Reactor . | . . . . . . . . Propulsion 12 | 2 1 2 1 . . . 6 Treads . | . . . . . . . . Leg . | . . . . . . . . Wheel 10 | 2 1 2 1 . . . 4 Hover . | . . . . . . . . Flight 2 | . . . . . . . 2 Utility 9 | 1 2 2 1 . . . 3 Device 4 | . 1 2 1 . . . . Storage 3 | 1 1 . . . . . 1 Processor . | . . . . . . . . Hackware . | . . . . . . . . Protection 2 | . . . . . . . 2 Artifact . | . . . . . . . . Weapon 10 | 2 2 . 2 . . . 4 Energy Gun 4 | 2 . . 1 . . . 1 Energy Cannon . | . . . . . . . . Ballistic Gun 1 | . 1 . . . . . . Ballistic Cannon 2 | . . . 1 . . . 1 Launcher 2 | . 1 . . . . . 1 Special Weapon . | . . . . . . . . Impact Weapon . | . . . . . . . . Slashing Weapon 1 | . . . . . . . 1 Piercing Weapon . | . . . . . . . . Special Melee Weapon . | . . . . . . . . Unidentified Prototypes . | . . . . . . . . Parts Lost 19 | . 2 . . . . . 17 Power 3 | . 1 . . . . . 2 Propulsion 8 | . . . . . . . 8 Utility 4 | . . . . . . . 4 Weapon 4 | . 1 . . . . . 3 Highest Loss Streak 6 | . 2 . . . . . 6 To Critical Strikes . | . . . . . . . . Average Slot Usage (%) 95 | . 99 100 100 100 100 100 71 Engine 11 | . 13 14 11 11 11 11 3 Wheel 28 | . 28 28 33 33 33 33 25 Device 15 | . 14 14 22 22 22 22 12 Storage 12 | . 14 14 11 11 11 11 9 Energy Gun 7 | . 24 . 11 11 11 11 1 Ballistic Gun 6 | . 1 14 . . . . . Ballistic Cannon 4 | . . . 10 11 11 11 9 Launcher 6 | . 2 14 . . . . 2 Naked Turns 3 | . . . . . . . 3 Heaviest Build 38 | 13 29 34 38 34 34 34 36 Greatest Support 52 | 26 26 32 42 42 42 42 52 Greatest Overweight (x) 3 | . 1 1 . . . . 3 Average Overweight (x) . | . . . . . . . . Largest Inventory Capacity 15 | 8 15 15 15 15 15 15 15 Average Capacity 14 | 7 12 15 15 15 15 15 14 Most Carried 15 | 4 11 15 15 15 15 15 15 Average Carried 12 | 1 8 13 14 15 14 14 13 Final Capacity 15 | 8 15 15 15 15 15 15 5 Final Carried 15 | 4 10 15 15 15 15 15 5 Class Distribution -------------------- 68% | Mutant 31% | Scavenger-Mutant Dominant Class ---------------- Mutant | -10/Materials Mutant | -10/Mines Scavenger-Mutant | -9/Materials Scavenger-Mutant | -9/Mines Scavenger-Mutant | -9/Exiles Scavenger-Mutant | -8/Mines Scavenger-Mutant | -8/Materials Resources | -11 -10 -10 -9 -9 -9 -8 -8 ----------- Run | Scr Mat Min Mat Min Exi Min Mat Matter Collected 573 | 214 93 174 61 . . . 31 Remotely . | . . . . . . . . Salvage Created 567 | . 381 64 33 . . . 89 Parts 55 | . 21 16 2 . . . 16 Haulers Intercepted . | . . . . . . . . Recyclers Shooed . | . . . . . . . . Parts Field Recycled . | . . . . . . . . Retrieved Matter . | . . . . . . . . Parts Self-Destructed . | . . . . . . . . Prevented . | . . . . . . . . Kills | -11 -10 -10 -9 -9 -9 -8 -8 ------- Run | Scr Mat Min Mat Min Exi Min Mat Combat Hostiles Destroyed 30 | . 11 9 1 . . . 9 Guns 7 | . 6 . 1 . . . . Cannons 3 | . . . . . . . 3 AOE 20 | . 5 9 . . . . 6 Classes Destroyed 6 | . 6 . . . . . . Worker 4 | . 1 1 . . . . 2 Builder 2 | . 1 . . . . . 1 Operator 1 | . 1 . . . . . . Watcher 1 | . 1 . . . . . . Swarmer 18 | . 3 9 . . . . 6 Grunt 12 | . 8 . 1 . . . 3 Best Kill Streak 7 | . 6 4 1 . . . 7 Combat Bots Only 6 | . 5 3 1 . . . 6 Max Kills in Single Turn 3 | . 2 3 1 . . . 3 Gunslinging . | . . . . . . . . Exploded 3 | . 2 2 . . . . 3 Melee . | . . . . . . . . Uniques/NPCs Destroyed . | . . . . . . . . Combat | -11 -10 -10 -9 -9 -9 -8 -8 -------- Run | Scr Mat Min Mat Min Exi Min Mat Damage Taken 2236 | . 341 168 10 . . . 1717 Core 644 | . 59 19 . . . . 566 Absorbed by Shields . | . . . . . . . . Redirected to Shielding 49 | . . . . . . . 49 Core Remaining (%) 89 | 100 . 68 . . . 100 . Volleys Fired 70 | . 41 10 1 . . . 18 Largest 2 | . 2 2 2 . . . 2 Hottest 90 | . 90 50 89 . . . 83 Shots Fired 125 | . 77 17 2 . . . 29 Gun 85 | . 73 10 1 . . . 1 Cannon 24 | . . . 1 . . . 23 Launcher 16 | . 4 7 . . . . 5 Special . | . . . . . . . . Kinetic 37 | . 3 10 1 . . . 23 Thermal 70 | . 70 . . . . . . Explosive 16 | . 4 7 . . . . 5 Electromagnetic 2 | . . . 1 . . . 1 Robot Hit Streak 9 | . 8 2 2 . . . 9 Robot Miss Streak 5 | . 5 4 . . . . 2 Penetration Max . | . . . . . . . . Secondary Targets . | . . . . . . . . Shots Hit Robots 76 | . 50 8 1 . . . 17 Core Hits 61 | . 33 10 1 . . . 17 Critical Kills . | . . . . . . . . Critical Parts Destroyed . | . . . . . . . . Critical Strikes 2 | . 1 . . . . . 1 Burn 1 | . 1 . . . . . . Blast 1 | . . . . . . . 1 Melee Attacks 2 | . . . . . . . 2 Impact . | . . . . . . . . Slashing 2 | . . . . . . . 2 Piercing . | . . . . . . . . Sneak Attacks . | . . . . . . . . Combat Hostiles . | . . . . . . . . Follow-up Attacks . | . . . . . . . . Damage Inflicted 2399 | . 935 416 20 . . . 1028 Guns 614 | . 577 17 20 . . . . Cannons 360 | . . . . . . . 360 Explosions 1418 | . 358 399 . . . . 661 Melee . | . . . . . . . . Ramming 7 | . . . . . . . 7 Kinetic 407 | . 30 17 . . . . 360 Thermal 721 | . 547 . . . . . 174 Explosive 1244 | . 358 399 . . . . 487 Electromagnetic 20 | . . . 20 . . . . Impact . | . . . . . . . . Slashing . | . . . . . . . . Piercing . | . . . . . . . . Highest Corruption 2 | . 2 2 . . . . . Average Corruption 2 | . 2 2 . . . . . Corruption Purged . | . . . . . . . . Corruption Blocked . | . . . . . . . . Effects 14 | . 2 12 . . . . . Message Errors 2 | . . 2 . . . . . Matter Fused 4 | . 1 3 . . . . . Heat Flow Errors 4 | . 1 3 . . . . . Energy Discharges 1 | . . 1 . . . . . Data Loss (minor) 1 | . . 1 . . . . . Data Loss (major) 2 | . . 2 . . . . . Overload Shots . | . . . . . . . . Overflow Damage 45 | . 18 10 . . . . 17 Projectiles . | . . . . . . . . Explosions 45 | . 18 10 . . . . 17 Melee . | . . . . . . . . Knockbacks 4 | . . . . . . . 4 Impact . | . . . . . . . . Kinetic 4 | . . . . . . . 4 Secondary . | . . . . . . . . Self-Inflicted Damage 270 | . 21 81 . . . . 168 Shots 7 | . 1 4 . . . . 2 Rammed 2 | . . . . . . . 2 Targets Rammed 2 | . . . . . . . 2 Kicked . | . . . . . . . . Crushed . | . . . . . . . . Highest Temperature 157 | . 73 157 . . . . 139 Average Temperature 43 | . 19 83 . . . . 74 Received Heat Transfer 795 | . 147 . . . . . 648 Siege Activations . | . . . . . . . . Robots Corrupted . | . . . . . . . . Combat Hostiles . | . . . . . . . . Parts Fried . | . . . . . . . . Impact Corruptions . | . . . . . . . . Robots Melted . | . . . . . . . . Combat Hostiles . | . . . . . . . . Parts Melted 4 | . 4 . . . . . . Heat Transferred 1662 | . 1512 . . . . . 150 Parts Sabotaged . | . . . . . . . . Parts Stolen . | . . . . . . . . Parts Stripped . | . . . . . . . . Power Chain Reactions . | . . . . . . . . Missiles Intercepted . | . . . . . . . . Alert | -11 -10 -10 -9 -9 -9 -8 -8 ------- Run | Scr Mat Min Mat Min Exi Min Mat Peak Influence 410 | . 410 268 100 . . . 282 Initial 81 | . . 81 45 . . . . Average 105 | . 145 116 53 . . . 116 Maximum Alert Level 2 | . 2 1 . . . . 1 Low Security (%) 86 | 100 69 94 100 100 . 100 67 Level 1 12 | . 27 5 . . . . 32 Level 2 . | . 2 . . . . . . Level 3 . | . . . . . . . . Level 4 . | . . . . . . . . Level 5 . | . . . . . . . . High Security . | . . . . . . . . Max Security . | . . . . . . . . Squads Dispatched 11 | . 4 1 3 . . . 3 Investigation 3 | . . 1 1 . . . 1 Extermination . | . . . . . . . . Reinforcement 8 | . 4 . 2 . . . 2 Assault . | . . . . . . . . Garrison . | . . . . . . . . Intercept . | . . . . . . . . Searches Triggered . | . . . . . . . . Construction Impeded 1 | . . . . . . . 1 Haulers Reinforced . | . . . . . . . . Active Scanning Responses . | . . . . . . . . Cargo Convoy Interrupts . | . . . . . . . . Stealth | -11 -10 -10 -9 -9 -9 -8 -8 --------- Run | Scr Mat Min Mat Min Exi Min Mat Distress Signals 12 | . 5 . 4 . . . 3 Communications Jammed . | . . . . . . . . Distress Signals . | . . . . . . . . Times Spotted 59 | . 23 8 3 . . . 25 Peak Tracking Total 14 | . 8 3 2 . . . 14 Tactical Retreats 1 | . . . . . . . 1 Traps | -11 -10 -10 -9 -9 -9 -8 -8 ------- Run | Scr Mat Min Mat Min Exi Min Mat Traps Triggered 2 | . 1 . . . . . 1 Indirectly . | . . . . . . . . Trap Hack Attempts . | . . . . . . . . Triggered . | . . . . . . . . Disarmed . | . . . . . . . . Reprogrammed . | . . . . . . . . Reused . | . . . . . . . . Traps Extracted . | . . . . . . . . Installed 5 | . . 5 . . . . . Triggered . | . . . . . . . . Most Traps Carried 5 | . . 5 . . . . . Machines | -11 -10 -10 -9 -9 -9 -8 -8 ---------- Run | Scr Mat Min Mat Min Exi Min Mat Machines Disabled 4 | . . 2 . . . . 2 Max in Single Turn 2 | . . 1 . . . . 2 Machines Sabotaged . | . . . . . . . . Garrisons Compromised . | . . . . . . . . Overloaded Fab Kills . | . . . . . . . . Hacking | -11 -10 -10 -9 -9 -9 -8 -8 --------- Run | Scr Mat Min Mat Min Exi Min Mat Machines Accessed 10 | . 3 1 3 . 1 . 2 Terminals 5 | . 2 . 3 . . . . Fabricators . | . . . . . . . . Repair Stations . | . . . . . . . . Recycling Units 2 | . 1 . . . . . 1 Scanalyzers . | . . . . . . . . Garrison Access 1 | . . . . . . . 1 Total Hacks 32 | . 10 1 13 . 1 . 7 Successful 17 | . 5 1 7 . 1 . 3 Failed 15 | . 5 . 6 . . . 4 Catastrophic 1 | . 1 . . . . . . Database Lockouts . | . . . . . . . . Manual 19 | . 6 . 10 . 1 . 2 Terminals 21 | . 8 . 13 . . . . Fabricators . | . . . . . . . . Repair Stations . | . . . . . . . . Recycling Units 4 | . 2 . . . . . 2 Scanalyzers . | . . . . . . . . Garrison Access 5 | . . . . . . . 5 Terminal Hacks 9 | . 3 1 4 . 1 . . Part Schematic 1 | . . . 1 . . . . Prototype ID Bank 2 | . 1 . 1 . . . . Open Door 1 | . . 1 . . . . . Branch Access Points 1 | . 1 . . . . . . Terminal Index 1 | . . . 1 . . . . Unreport Threat 1 | . . . 1 . . . . Recall Investigation 1 | . 1 . . . . . . EX-Prototype ID Bank 1 | . . . . . 1 . . Fabricator Hacks . | . . . . . . . . Repair Station Hacks . | . . . . . . . . Recycling Unit Hacks 3 | . 1 . . . . . 2 Report Inventory 1 | . . . . . . . 1 Retrieve Components 2 | . 1 . . . . . 1 Scanalyzer . | . . . . . . . . Garrison Access Hacks . | . . . . . . . . Unauthorized Hacks 5 | . 1 . 3 . . . 1 Terminals 4 | . 1 . 3 . . . . Botnet 4 | . 1 . 3 . . . . Fabricators . | . . . . . . . . Repair Stations . | . . . . . . . . Recycling Units . | . . . . . . . . Scanalyzers . | . . . . . . . . Garrison Access 1 | . . . . . . . 1 Watchers 1 | . . . . . . . 1 Data Cores Recovered . | . . . . . . . . Used . | . . . . . . . . Hacking Detections 7 | . 3 . 3 . . . 1 Full Trace Events 1 | . . . 1 . . . . Feedback Events . | . . . . . . . . Feedback Blocked . | . . . . . . . . Robot Schematics Acquired . | . . . . . . . . Robots Built . | . . . . . . . . Authchips . | . . . . . . . . Time . | . . . . . . . . Total Robot Build Rating . | . . . . . . . . Part Schematics Acquired 1 | . . . 1 . . . . Parts Built . | . . . . . . . . Authchips . | . . . . . . . . Time . | . . . . . . . . Total Part Build Rating . | . . . . . . . . Parts Repaired . | . . . . . . . . Time . | . . . . . . . . Parts Recycled . | . . . . . . . . Recycled Matter . | . . . . . . . . Retrieved Matter . | . . . . . . . . Retrieved Components 3 | . . . . . . . 3 Parts Scanalyzed . | . . . . . . . . Part Schematics Acquired . | . . . . . . . . Parts Damaged . | . . . . . . . . Bothacking | -11 -10 -10 -9 -9 -9 -8 -8 ------------ Run | Scr Mat Min Mat Min Exi Min Mat Used RIF Installer . | . . . . . . . . Robots Hacked . | . . . . . . . . Non-combat . | . . . . . . . . Combat . | . . . . . . . . Robot Hacks Applied . | . . . . . . . . Relay Couplers Released . | . . . . . . . . Fabnet Peak Effective % . | . . . . . . . . Robots Rewired . | . . . . . . . . Allies Hacked . | . . . . . . . . Hacks Repelled . | . . . . . . . . Allies | -11 -10 -10 -9 -9 -9 -8 -8 -------- Run | Scr Mat Min Mat Min Exi Min Mat Total Allies . | . . . . . . . . Largest Group . | . . . . . . . . Highest-Rated Group . | . . . . . . . . Highest-Rated Ally . | . . . . . . . . Total Orders . | . . . . . . . . Ally Attacks . | . . . . . . . . Total Damage . | . . . . . . . . Kills . | . . . . . . . . Allies Corrupted . | . . . . . . . . Allies Melted . | . . . . . . . . Intel | -11 -10 -10 -9 -9 -9 -8 -8 ------- Run | Scr Mat Min Mat Min Exi Min Mat Robot Analysis Total . | . . . . . . . . Derelict Logs Recovered 2 | . . 1 . 1 . . . Drone Launches . | . . . . . . . . Drone Recoveries . | . . . . . . . . Exploration | -11 -10 -10 -9 -9 -9 -8 -8 ------------- Run | Scr Mat Min Mat Min Exi Min Mat Turns Passed 2303 | 54 406 949 251 38 205 66 334 Spaces Moved 1655 | 45 193 732 118 36 219 67 245 Core 15 | 2 . . . . . . 13 Treads . | . . . . . . . . Legs . | . . . . . . . . Wheels 1640 | 43 193 732 118 36 219 67 232 Hover . | . . . . . . . . Flight . | . . . . . . . . Fastest Speed 50 | 50 90 100 93 93 93 93 50 Average Speed 98 | 89 98 103 93 93 93 93 95 Slowest Speed 125 | 100 105 115 93 93 93 93 125 Overloaded Moves . | . . . . . . . . Propulsion Burnouts . | . . . . . . . . Robots Hopped . | . . . . . . . . Cave-ins Triggered . | . . . . . . . . Exploration Rate (%) 34 | 4 43 96 14 11 60 18 26 Regions Visited 7 Branch Regions 4 Pre-discovered Areas 1 | . . . . 1 . . . Known Exits Taken 1 | . 1 . . . . . . Unknown Exits Taken 6 | 1 . 1 1 1 1 1 . Scrap Searched 1 | . . 1 . . . . . Spaces Dug 2 | . . . . . . . 2 Terrain Destroyed 163 | . 16 62 . . . . 85 Melee 2 | . . . . . . . 2 Projectile 2 | . . . . . . . 2 AOE 159 | . 16 62 . . . . 81 Terrain Rammed . | . . . . . . . . Walls Destroyed . | . . . . . . . . Machines Disabled . | . . . . . . . . Actions | -11 -10 -10 -9 -9 -9 -8 -8 --------- Run | Scr Mat Min Mat Min Exi Min Mat Total 2203 | 55 331 912 257 40 220 72 316 Wait 368 | . 81 135 128 5 . . 19 Move 1648 | 44 192 731 117 35 218 66 245 Hop . | . . . . . . . . Pick Up 40 | 5 9 14 3 . 1 3 5 Fast Attach 11 | 5 1 . 1 . . . 4 Attach 13 | 1 2 . 2 . . . 8 Detach 1 | . . . 1 . . . . Swap 13 | . 3 5 2 . . . 3 Drop 30 | . 2 12 2 . 1 3 10 Fire 70 | . 41 10 1 . . . 18 Melee 2 | . . . . . . . 2 Ram 2 | . . . . . . . 2 Kick . | . . . . . . . . Crush . | . . . . . . . . Escape Stasis . | . . . . . . . . Rewire . | . . . . . . . . Trap 5 | . . 5 . . . . . Miscellaneous . | . . . . . . . . Route ------- -11/Scrapyard -10/Materials (discovered 2 exits: *Min x2) -10/Mines (discovered 2 exits: *Mat x2) -9/Materials -9/Mines -9/Exiles (discovered 2 exits: [*Min x2]) -8/Mines -8/Materials History --------- Turn | Location | Event 15 | -11/Scrapyard | Discovered new exit (range 16) 55 | -11/Scrapyard | Entered Materials 318 | -10/Materials | Build established: Mutant 366 | -10/Materials | Identified exit to Mines 461 | -10/Materials | Entered Mines 466 | -10/Mines | Discovered new exit (range 9) 469 | -10/Mines | Met a Derelict bent on vengeance 552 | -10/Mines | Found a hidden stash of uninstalled traps 616 | -10/Mines | Met a Derelict shopkeep closing up shop 1165 | -10/Mines | Discovered new exit (range 13) 1183 | -10/Mines | Learned Materials trap positions 1410 | -10/Mines | Entered Materials 1410 | -9/Materials | Evolved 2 slots: Propulsion x1, Utility x1 1411 | -9/Materials | Loaded intel: 23 trap records 1592 | -9/Materials | Met 8R-AWN 1654 | -9/Materials | Discovered new exit (range 8) 1661 | -9/Materials | Entered Mines 1662 | -9/Mines | Followed 8R-AWN into the Mines 1683 | -9/Mines | Learned location of Storage (-7) 1694 | -9/Mines | Discovered new exit (range 6) 1699 | -9/Mines | Entered Exiles 1705 | -9/Exiles | Build established: Scavenger-Mutant 1712 | -9/Exiles | Discovered new exit (range 15) 1723 | -9/Exiles | Welcomed by 8R-AWN 1738 | -9/Exiles | Met EX-HEX 1766 | -9/Exiles | Met EX-BIN 1778 | -9/Exiles | Aligned with FarCom system 1779 | -9/Exiles | Given EX-Vault access code 1803 | -9/Exiles | Opened EX-Vault 1810 | -9/Exiles | Found 0b10 Alert Chip 1830 | -9/Exiles | Warned to stay clear of 0b10 Research branches 1861 | -9/Exiles | Met EX-DEC 1894 | -9/Exiles | Discovered new exit (range 12) 1904 | -9/Exiles | Left Exiles lab with 0b10 Alert Chip 1904 | -9/Exiles | Entered Mines 1944 | -8/Mines | Discovered new exit (range 14) 1970 | -8/Mines | Entered Materials 1970 | -8/Materials | Evolved 2 slots: Propulsion x1, Utility x1 2173 | -8/Materials | Lost 5 parts (1p2n1u1w) 2233 | -8/Materials | Lost 6 parts (1p3n1u1w) 2261 | -8/Materials | Core integrity fell below 50% 2303 | -8/Materials | Core integrity fell below 20% 2304 | -8/Materials | Destroyed by G-47 Trooper with Particle Gun Last Messages --------------- 02285_ Knocked back. 02287_ Penetrated by Slug. 02287_ Flight Unit destroyed. 02289_ Penetrated by Slug. 02290_ Dropped Sml. Storage Unit. 02290_ Dropped Med. Storage Unit. 02291_ Dropped Imp. Light Cannon. 02291_ Dropped Hvy. Particle Cannon. 02292_ Dropped Lrg. Storage Unit. 02292_ Dropped Lgt. Angular Momentum Engine. 02294_ Penetrated by Slug. 02297_ L-31 Rogue destroyed. 02298_ Acquired 31 matter. 02300_ Penetrated by Slug. 02300_ Imp. Light Armor Plating destroyed. 02301_ Imp. Utility Shielding blasted off. 02301_ Knocked back. 02301_ Slammed into G-47 Trooper. 02301_ Structural Scanner destroyed. 02303_ Critical hit (Burn: +37). Map ----- +----------------------------------------------------+ | | | | | ?????????????????????????????????????????????????? | | ?????????????????????????????????????????????????? | | ?????????????????????????????????????????????????? | | ?????????????????????????????????????????????????? | | ?????????????????????????????????????????????????? | | ?????????????????????????????????????????????????? | | ?????????????????????????????????????????????????? | | ?????????????????????????????????????????????????? | | ?????????????????????????????????????????????????? | | ??????????????????????????o??????????????????????? | | ?????????????????????????????????????????????????? | | ?????????????????????????????????????????????????? | | ?????????????????????????????????????????????????? | | ????? ##### ????????????????????????????? | | ?????#############+##????????????????????????????? | | ?????## """ """ # ????????????????????????????? | | ?????## """"""""" # ????????????????????????????? | | ?????## """"" # ????????????????????????????? | | ?????## !# ????????????????????????????? | | ?????## # ????????????????????????????? | | ????### !#########?????????????????????? | | ??? #######"##+####################### ? ##?????? | | ? !*%g g ############# ##?????? | | ? H a !]% h g@ # ?????? | | ? ]!!gg g g ####??????????????? | | ?? ###+######;############ ####??????????????? | | ????### ############ ##????????????????? | | ??????????? ##????????## ##????????????????? | | ????????? """ ##????????## ##????????????????? | | ???????? """"" ##????????## # ????????????????? | | ????????? """"" ##????????## # ????????????????? | | ????????????""" ??????????## # ????????????????? | | ?????????????? ??????????## # ????????????????? | | ????????????? #?????????## [ # ????????????????? | | ?????????????####?????????## # ????????????????? | | ?????????????####?????????## ##????????????????? | | ??????????????????????????## # ????????????????? | | ??????????????????????????## # ????????????????? | | ??????????????????????????## # ????????????????? | | ??????????????????????????## # ????????????????? | | ?????????????????????????? # # ????????????????? | | ?????????????????????????? # # ????????????????? | | ?????????????????????????? + / ????????????????? | | ?????????????## ?????????? # # ????????????????? | | ??????######### # # ????????????????? | | ?????##########+############ # ????????????????? | | ?????## # ????????????????? | | ?????## # ????????????????? | +----------------------------------------------------+ Best States ------------- Heat Dissipation 45 Energy Generation 18 Energy Capacity 360 Matter Stores 300 Matter Capacity 300 Sight Range 16 Terrain Scan Density 10 Armor Coverage 150 Utility Shielding 66 Evasion (%) 44 Item Schematics ----------------- VTOL Module | -9/Materials | Hacked Robot Schematics ------------------ None Fabricated ------------ Nothing Alien Tech Used ----------------- None Achievements -------------- None Challenges ------------ None Game ------ Seed ShadeMatterReconfigurator Manual? 0 Play Time 00:35:18 Cumulative 18.7 hours Start 2022.03.27 @ 19:11:55 End 2022.03.27 @ 19:47:33 Sessions 1 Manual Loads 0 Difficulty Rogue Special Mode None Game No. 13 Rogue 13 Adventurer 0 Explorer 0 Win Type - Total 0 Types 0/0/0/0/0/0/0/0/0 Lore% 19 Gallery% 23 Achievement% 25 Wizard Run 0 Options --------- ASCII 0 Keyboard 0 Movement Arrows Keybinds 0 Fullscreen 1 Font 24/Smallcaps Map View 76x50 Tactical HUD 1 Map Filters NONE Filters NONE Steam 1 RUN: be9449b2-0419-4886-a23b-afbfff0dde27